 Dungeon Crawl Stone Soup version 0.29.1-1-gd02db6906a (webtiles) character file.

Game seed: 9160735756961848361

4 MisterFreud the Twirler (level 1, -5/16 HPs)
             Began as a Formicid Gladiator on Oct 13, 2022.
             Slain by a gnoll
             ... wielding a +0 flail
              (7 damage)
             ... on level 1 of the Dungeon.
             The game lasted 00:00:18 (261 turns).

MisterFreud the Twirler (Formicid Gladiator)         Turns: 261, Time: 00:00:18

Health: -5/16      AC:  3    Str: 18    XL:     1   Next: 66%
Magic:  1/1        EV: 12    Int:  7    God:
Gold:   8          SH:  0    Dex: 15    Spells: 0/0 levels left

rFire   . . .      SeeInvis +   a - +0 quarterstaff
rCold   . . .      Faith    .   (no shield)
rNeg    . . .      Spirit   .   b - +0 leather armour
rPois   .          Reflect  .   (helmet unavailable)
rElec   .          Harm     .   (no cloak)
rCorr   .          Rampage  .   (no gloves)
Will    .....                   (no boots)
Stlth   +.........              (no amulet)
HPRegen 0.05/turn               (no ring)
MPRegen 0.07/turn               (no ring)

@: no status effects
A: permanent stasis, dig shafts and tunnels, antennae 3, four strong arms
a: Dig, Shaft Self


You were on level 1 of the Dungeon.
You visited 1 branch of the dungeon, and saw 1 of its levels.

You collected 8 gold pieces.

Inventory:

Hand Weapons
 a - a +0 quarterstaff (weapon)
Missiles
 c - 3 throwing nets (quivered)
 d - a javelin
Armour
 b - a +0 leather armour (worn)
Scrolls
 e - 3 scrolls of identify {unknown}


   Skills:
 - Level 2.1 Fighting
 + Level 3.3 Staves
 - Level 2.0 Throwing
 - Level 2.6 Dodging


You couldn't memorise any spells.
You didn't know any spells.
Your spell library contained the following spells:

 Spells                   Type           Power      Damage    Failure   Level
 Apportation              Tloc           0%         N/A       50%         1
 Necrotise                Necr           0%         1d4       50%         1
 Summon Small Mammal      Summ           0%         N/A       50%         1


Dungeon Overview and Level Annotations

Branches:
Dungeon (1/15)

Altars:


Innate Abilities, Weirdness & Mutations

You cannot be hasted, slowed, berserked, paralysed or teleported.
You can dig through walls and to a lower floor.
You have a pair of large antennae on your head. (SInv)
Your four strong arms can wield two-handed weapons with a shield.


Message History

You kill the goblin!
Key pressed, stopping explore.
No target in view!
No target in view!
You open the door.
A ball python comes into view.
There is an open door here.
A ball python is nearby!
A ball python is nearby!
The ball python hisses angrily.
A ball python is nearby!
The ball python barely misses you. The ball python grabs you.
The ball python constricts you.
A ball python is nearby!
You sock the ball python!
You kill the ball python!
No target in view!
You now have 8 gold pieces.
You open the door.
Found an escape hatch in the floor.
No target in view!
There is an open door here.
There is an escape hatch in the floor here.
You pick up a book of Cantrips and begin reading...
You add the spells Necrotise, Summon Small Mammal and Apportation to your library.
No target in view!
You sense a monster nearby.
No target in view!
A gnoll comes into view. It is wielding a +0 flail.
A gnoll is nearby!
You barely miss the gnoll. The gnoll hits you with a +0 flail.
The gnoll barely misses you.
You completely miss the gnoll. The gnoll hits you with a +0 flail!
Ouch! That really hurt!
* * * LOW HITPOINT WARNING * * *
A gnoll is nearby!
You are too injured to fight recklessly!
Are you sure you want to shaft yourself?
The gnoll hits you with a +0 flail!
You die...

.### #.#
.# #.# .#
#.# .# #.#
... #.#
..#[ #.#
..#
..######.#
......?..#
.......@.#
.......g.#
........##
######...
#... .....
......
.#.....


You could see a gnoll.

Vanquished Creatures
  A goblin (D:1)
  A hobgoblin (D:1)
  A ball python (D:1)
  A kobold (D:1)
4 creatures vanquished.

Notes
Turn   | Place    | Note
-------+----------+-------------------------------------------
     0 | D:1      | MisterFreud the Formicid Gladiator began the quest for the
                  | Orb.
     0 | D:1      | Reached XP level 1. HP: 16/16 MP: 1/1
   261 | D:1      | Slain by a gnoll

Illustrated notes

Levels and vault maps discovered:
D:1:      dpeg_arrival_houses_and_road, layout_basic,
          nicolae_ecumenical_lake_church

Action                   || total
-------------------------++-------
Melee: Quarterstaff      ||     7
 Abil: Shaft Self        ||     1
Armor: Leather armour    ||     1
Dodge: Dodged            ||     2
